Map: Goldenaura LE

Players

slawek

  • Race: Terran Terran
  • League: Bronze
  • Spawn Location: 12:00

demzi - Winner!

  • Race: Zerg Zerg
  • League: Silver
  • Spawn Location: 5:00

VOD

Have the link to the VOD?

Description

Time

  • Played on: March 21, 2024, 8:40 a.m.
  • Length: 24:37
Show
View Real Time Build Order
Export as new Build Order

slawek Terran 

Build Orders: 1/1/1, Banshee Rush 

Get SALT Encoding   

  12  0:01  SCV  
  13  0:13  SCV  
  14  0:18  Supply Depot  
  14  0:25  SCV  
  15  0:30  Refinery  
  15  0:42  Barracks  
  15  0:46  SCV  
  16  0:54  Refinery  
  16  0:58  SCV  
  17  1:10  SCV  
  18  1:22  SCV  
  19  1:29  Marine  
  19  1:31  Supply Depot  
  20  1:33  Factory  
  20  1:36  SCV  
  21  1:47  Marine  
  21  1:48  SCV  
  23  2:00  SCV  
  24  2:04  Marine  
  25  2:13  SCV  
  26  2:22  Marine, Starport  
  26  2:23  Starport  
  27  2:30  SCV  
  28  2:40  Marine  
  29  2:53  Supply Depot  
  29  2:58  Marine  
  29  3:03  Starport Tech Lab  
  29  3:04  Starport Tech Lab  
  30  3:16  Marine  
  31  3:22  Banshee x2  
  31  3:24  Cloaking Field  
  37  3:29  Supply Depot  
  37  3:34  Marine  
  38  3:51  Marine  
  38  3:53  Supply Depot  
  39  4:05  Banshee  
  39  4:06  Banshee  
  45  4:16  Bunker  
  45  4:18  Marine  
  46  4:28  Factory Tech Lab  
  46  4:29  Orbital Command  
  46  4:36  Marine  
  47  4:54  Banshee x2, Marine  
  54  5:12  Marine  
  53  5:36  Command Center, Supply Depot  
  53  5:58  Siege Tank  
  56  6:25  Banshee  
  56  6:26  Banshee  
  53  7:08  Banshee  
  47  7:40  SCV  
  47  7:42  Marine  
  49  7:48  Banshee  
  52  7:51  Banshee  
  52  7:52  SCV  
  52  7:57  Starport  
  56  8:00  Marine  
  56  8:01  Starport  
  56  8:04  SCV  
  58  8:16  SCV  
  58  8:18  Marine  
  60  8:30  Banshee, Command Center  
  63  8:35  Marine  
  63  8:36  Starport Reactor  
  63  8:39  Bunker x2  
  63  8:40  Viking  
  66  8:50  Starport Reactor  
  66  8:53  Marine  
  66  8:54  SCV  
  68  9:05  Siege Tank  
  68  9:06  SCV  
  72  9:18  SCV  
  73  9:26  Banshee  
  76  9:41  Siege Tank  
  79  9:53  Supply Depot  
  79  9:54  Supply Depot  
  79  9:56  Refinery  
  79  9:57  Supply Depot  
  79  9:58  Supply Depot, Refinery  
  79  10:02  Banshee  
  82  10:08  Barracks Tech Lab  
  82  10:09  Banshee  
  85  10:32  Siege Tank  
  85  10:33  Engineering Bay  
  88  11:00  Planetary Fortress  
  86  11:04  Siege Tank  
  80  11:36  Siege Tank  
  83  11:43  Missile Turret  
  83  11:47  Missile Turret  
  83  11:54  Missile Turret x2, SCV  
  83  11:55  Missile Turret  
  83  11:56  Missile Turret  
  84  12:06  SCV  
  85  12:08  Siege Tank  
  88  12:16  Missile Turret  
  88  12:18  SCV  
  89  12:25  Refinery  
  89  12:26  Refinery  
  89  12:40  Factory  
  89  12:42  Factory  
  79  13:04  Viking  
  79  13:05  Viking x3  
  87  13:06  Banshee x2  
  87  13:10  Siege Tank  
  96  13:35  Sensor Tower  
  96  13:39  SCV  
  97  13:42  Siege Tank  
  100  13:51  SCV  
  101  13:59  Factory Tech Lab x2  
  101  14:20  SCV  
  101  14:24  SCV  
  103  14:32  Supply Depot  
  103  14:33  SCV  
  103  14:35  Supply Depot  
  103  14:36  Siege Tank, Supply Depot, SCV  
  108  14:45  Siege Tank  
  110  14:47  Missile Turret  
  110  14:54  Siege Tank, SCV  
  114  15:06  SCV  
  115  15:08  Missile Turret x2  
  115  15:18  SCV  
  116  15:27  Raven x2  
  116  15:28  Missile Turret  
  120  15:30  Missile Turret, SCV  
  121  15:42  SCV  
  122  15:54  SCV  
  123  16:06  SCV  
  123  16:11  Armory x2  
  124  16:13  Armory  
  125  16:27  Orbital Command, Command Center  
  124  17:14  Missile Turret  
  124  17:16  Missile Turret  
  124  17:21  Missile Turret  
  124  17:23  Sensor Tower  
  124  17:39  Siege Tank x3  
  126  18:10  Command Center, Missile Turret  
  126  18:14  Terran Vehicle Weapons Level 1  
  126  18:15  Terran Ship Weapons Level 1, Terran Vehicle And Ship Armor Level 1  
  126  18:23  Supply Depot  
  126  18:25  Supply Depot  
  126  18:26  Supply Depot  
  120  18:43  Refinery  
  120  18:49  Refinery  
  120  19:02  Hi-Sec Auto Tracking  
  120  19:06  Marauder  
  122  19:15  Missile Turret  
  122  19:27  Marauder  
  117  19:33  Missile Turret  
  115  19:49  Marauder  
  117  19:55  Missile Turret  
  115  20:05  Missile Turret  
  115  20:10  Marauder  
  117  20:26  Missile Turret  
  117  20:30  SCV  
  117  20:31  Marauder  
  117  20:34  Terran Vehicle Weapons Level 2, Terran Vehicle And Ship Armor Level 2  
  117  20:35  Terran Ship Weapons Level 2  
  120  20:39  Viking x2  
  120  20:40  Viking x2, Banshee  
  120  20:42  SCV  
  132  20:54  SCV  
  133  21:07  SCV x2  
  135  21:19  SCV  
  135  21:20  SCV  
  137  21:31  SCV  
  137  21:32  SCV, Ghost Academy  
  139  21:33  Ghost Academy x2  
  139  21:42  Bunker  
  139  21:44  SCV  
  140  21:56  SCV  
  125  22:39  Planetary Fortress  
  125  22:47  Missile Turret  
  125  22:50  Personal Cloaking, Missile Turret  
  125  22:51  Nuke x2  
  125  22:53  Ghost  
  127  23:07  Missile Turret  
  114  23:21  Ghost  
  113  23:27  SCV  
  115  23:42  SCV  
  115  23:54  SCV  
  113  24:07  SCV  
  100  24:19  SCV  
Show
View Real Time Build Order
Export as new Build Order

demzi Zerg - Winner!

Build Orders: Hatch First, Swarm Host 

Get SALT Encoding   

  12  0:00  Drone  
  13  0:12  Overlord  
  13  0:18  Drone  
  14  0:30  Drone x2  
  16  0:50  Hatchery  
  16  0:53  Drone  
  16  0:56  Drone  
  17  1:03  Drone  
  18  1:07  Extractor  
  17  1:17  Spawning Pool  
  16  1:19  Drone  
  16  1:22  Drone  
  18  1:28  Drone  
  19  1:38  Drone  
  20  1:50  Overlord  
  20  2:04  Queen x2  
  20  2:06  Zergling x4  
  26  2:13  Drone x2  
  28  2:21  Drone  
  29  2:23  Drone  
  30  2:42  Drone, Hatchery  
  30  2:44  Drone  
  31  2:51  Queen  
  31  2:56  Overlord  
  33  3:13  Metabolic Boost  
  33  3:18  Drone x4, Baneling Nest  
  33  3:19  Drone  
  37  3:22  Drone  
  37  3:27  Overlord  
  38  3:32  Overlord  
  38  3:38  Drone x2  
  38  3:39  Drone  
  38  3:41  Extractor  
  40  3:42  Drone  
  40  3:44  Drone  
  42  3:56  Overlord  
  42  3:57  Zergling x8  
  46  4:07  Drone x2  
  46  4:08  Drone, Roach Warren  
  48  4:11  Zergling x2  
  48  4:12  Zergling x2  
  48  4:14  Zergling x2  
  51  4:23  Drone x5  
  56  4:25  Drone  
  57  4:40  Overlord x2  
  57  4:41  Overlord  
  57  4:45  Drone x5  
  62  4:50  Lair  
  62  4:53  Roach  
  62  4:54  Roach  
  62  4:56  Roach  
  62  4:58  Roach  
  70  5:00  Roach  
  72  5:13  Spore Crawler  
  71  5:15  Queen  
  71  5:19  Queen  
  75  5:26  Spore Crawler  
  74  5:28  Spore Crawler  
  74  5:31  Spore Crawler  
  74  5:32  Spore Crawler  
  74  5:34  Spore Crawler  
  69  5:51  Queen  
  69  5:52  Queen, Hydralisk Den  
  69  5:55  Queen  
  74  6:04  Overlord  
  74  6:05  Overlord x2  
  72  6:20  Overseer  
  72  6:24  Overseer  
  70  6:25  Hydralisk  
  70  6:26  Hydralisk x9, Queen  
  61  7:03  Hydralisk x2  
  59  7:09  Extractor  
  59  7:11  Queen  
  59  7:12  Queen  
  46  7:38  Drone x13  
  46  7:43  Hatchery  
  58  7:51  Drone x4  
  60  7:59  Extractor  
  57  8:10  Drone x3  
  57  8:11  Drone x2, Extractor  
  61  8:17  Extractor  
  60  8:31  Drone x3  
  63  8:36  Lair  
  63  8:58  Drone x8  
  63  9:02  Drone  
  72  9:20  Hydralisk  
  72  9:21  Hydralisk x7  
  88  9:29  Hydralisk  
  90  9:36  Hydralisk x2  
  94  9:40  Hydralisk  
  94  9:41  Hydralisk x5  
  94  9:45  Overlord x2  
  106  9:46  Overlord  
  105  10:03  Drone x3  
  105  10:04  Drone x4  
  112  10:25  Drone x3  
  112  10:26  Drone x2  
  112  10:27  Hatchery  
  116  10:39  Infestation Pit, Roach x9  
  116  10:40  Roach x2  
  116  10:41  Overlord x2  
  116  10:42  Overlord  
  137  10:50  Evolution Chamber  
  137  10:51  Drone  
  137  10:54  Evolution Chamber  
  127  11:47  Drone  
  127  11:48  Drone x13  
  127  11:49  Drone x3  
  127  11:51  Zerg Missile Weapons Level 1  
  127  11:52  Zerg Ground Armor Level 1  
  127  11:53  Overlord  
  127  11:54  Overlord x3  
  144  11:57  Roach x2  
  144  11:58  Roach  
  142  12:44  Hydralisk, Roach  
  142  12:45  Hydralisk x11, Roach x2  
  172  12:55  Overlord x2  
  172  13:06  Drone  
  172  13:07  Drone x3  
  166  13:20  Hydralisk x6  
  178  13:35  Drone x3  
  178  13:37  Swarm Host  
  178  13:38  Swarm Host x5  
  199  13:58  Extractor, Zerg Missile Weapons Level 2, Zerg Ground Armor Level 2  
  199  14:00  Lair  
  198  14:04  Extractor  
  197  15:10  Overseer  
  182  15:49  Swarm Host  
  182  16:36  Swarm Host x6  
  199  16:50  Hive  
  195  17:03  Queen  
  197  17:20  Drone, Overlord  
  197  17:22  Drone  
  199  17:38  Hatchery  
  198  17:57  Burrow  
  198  18:02  Zerg Missile Weapons Level 3  
  198  18:04  Zerg Ground Armor Level 3  
  192  19:06  Queen  
  192  19:07  Extractor  
  192  19:09  Extractor  
  187  19:36  Hydralisk  
  187  19:37  Hydralisk x5  
  196  20:03  Overseer  
  188  20:10  Hatchery  
  188  20:12  Overseer x3  
  199  20:34  Neural Parasite  
  195  22:51  Spire  
  194  22:57  Spire  
  193  23:33  Zergling x12  
  193  23:34  Zergling x2  
Tags
 
Composition
Swarm Host
Matchup
TvZ
Replay Pack
Multiplayer
Spawn Locations
Cross Positions
Strategy
Banshee Rush
Add a new tag
Caveats
  • Supply blocks, unpowered buildings, or Contaminate may cause inaccurate times.
  • Supply counts are checked every 10 seconds.